 Dungeon Crawl Stone Soup version 0.26-a0-259-g1effd001a9 (webtiles) character file.

Game seed: 2329183288212528823

427 tilp the Stinger (level 6, -2/42 HPs)
             Began as a Demonspawn Venom Mage on July 26, 2020.
             Killed from afar by an orc wizard (6 damage)
             ... with a magic dart
             ... on level 3 of the Dungeon.
             The game lasted 00:08:13 (5287 turns).

tilp the Stinger (Demonspawn Venom Mage)            Turns: 5287, Time: 00:08:14

Health: -2/42      AC:  8    Str:  9    XL:     6   Next: 65%
Magic:  9/9        EV: 12    Int: 18    God:
Gold:   179        SH:  0    Dex: 13    Spells: 0/9 levels left

rFire    + . .     SeeInvis .   (no weapon)
rCold    . . .     Faith    .   (no shield)
rNeg     . . .     Spirit   .   j - +1 robe {MR+}
rPois    .         Reflect  .   m - +1 helmet
rElec    .         Harm     .   g - +1 cloak
rCorr    .                      (gloves unavailable)
MR       +....                  (no boots)
Stlth    ++........             (no amulet)
HPRegen  0.14/turn              (no ring)
MPRegen  0.11/turn              (no ring)

@: stab, slowed, very slow
A: claws 3, rugged brown scales 1, fire resistance 1
a: no special abilities


You were on level 3 of the Dungeon.
You were not hungry.

You visited 1 branch of the dungeon, and saw 4 of its levels.

You collected 179 gold pieces.

Inventory:

Hand Weapons
 a - a +0 spear
 x - a +3 short sword
Missiles
 h - 168 stones (quivered)
Armour
 e - a +0 buckler
 g - a +1 cloak (worn)
 j - a +1 robe of magic resistance (worn)
 l - a scarf of invisibility
 m - a +1 helmet (worn)
Jewellery
 p - an uncursed ring of protection from cold {unknown}
Scrolls
 b - a scroll of remove curse {unknown}
 f - a scroll of blinking
 i - 2 scrolls of teleportation
 n - a scroll of identify
 s - a scroll of magic mapping {unknown}
 t - a scroll of amnesia
Potions
 d - a potion of resistance
 k - a potion of might
 o - a potion of magic {unknown}
 q - a potion of lignification {unknown}
 u - a potion of haste {unknown}
 v - a potion of invisibility {unknown}
 w - 4 potions of stabbing
Comestibles
 c - 20 rations


   Skills:
 + Level 0.1 Fighting
 + Level 1.8 Dodging
 - Level 1.7 Stealth
 - Level 4.0 Shields
 + Level 0.1 Unarmed Combat
 - Level 2.0 Spellcasting
 - Level 0.8 Transmutations
 - Level 6.0 Poison Magic


You couldn't memorise any spells.
You knew the following spells:

 Your Spells              Type           Power        Failure   Level
a - Sting                 Tmut/Pois      ##..         4%          1
b - Poisonous Vapours     Pois/Air       ##....       8%          2
c - Ignite Poison         Fire/Tmut/Pois ##......     22%         3
d - Mephitic Cloud        Conj/Pois/Air  #.......     24%         3

Your spell library contained the following spells:

 Spells                   Type           Power        Failure   Level
 Olgreb's Toxic Radiance  Pois           ###.....     16%         4


Dungeon Overview and Level Annotations

Branches:
Dungeon (4/15)
 Temple: D:4-7

Altars:
Hepliaklqana
Qazlal
Vehumet

Annotations:
D:2 2 transporters


Innate Abilities, Weirdness & Mutations

You have claws for hands.
You are partially covered in rugged brown scales. (AC +1, +3% HP)
Your flesh is heat resistant. (rF+)


Message History

The orc wizard blinks!
The orc wizard hits you but does no damage.
The orc wizard barely misses you. The orc wizard barely misses you.
There is a stone staircase leading up here.
The orc wizard hits you with a +0 dagger.
* * * LOW HITPOINT WARNING * * *
The orc wizard casts a spell at you. The magic dart hits you.
* * * LOW HITPOINT WARNING * * *
The orc wizard closely misses you.
The orc wizard hits you but does no damage.
You climb upwards.
There is a stone staircase leading down here.
Unknown command.
It was a potion of stabbing.
You feel ready to backstab. The orc wizard casts a spell at you.
The magic dart hits you.
You die...

#########.# #.#.....# #.####.#
..........# #.......# #.#....#
..############.#'#### #.#....(
..#.................# #.######
..#.##########.#.##'######.#.....
..#)# #...#.........#.#### ..#.#
######).#.........#.# ....#
###......o#.........#.# #####
#.......o@#.........#.# ##
#.#.....###.........#.# #.
#.####### #.........#.###. #.#
#.........#...'. #.#
#.........#...#. #.#
#.........#...#. #.#
#####.........#...##
########.#####...#.......#.#...#
.....).......#.#...#...#.#.#...#


You could see 2 orc wizards.

Vanquished Creatures
  A phantom (D:4)
  A centaur zombie (D:2)
  2 hounds (D:4)
  An orc priest (D:4)
  2 orc wizards (D:3)
  A worker ant (D:4)
  4 adders
  A shadow imp (D:3)
  2 worms (D:2)
  A dart slug (D:1)
  3 leopard geckos (D:1)
  9 orcs
  4 giant cockroaches
  5 goblins
  7 hobgoblins
  13 kobolds
  3 quokkas
  A ball python (D:3)
  7 bats
  7 frilled lizards
  A leopard gecko skeleton (D:4)
  10 rats
86 creatures vanquished.

Notes
Turn   | Place    | Note
-------+----------+-------------------------------------------
     0 | D:1      | tilp the Demonspawn Venom Mage began the quest for the Orb.
     0 | D:1      | Reached XP level 1. HP: 13/13 MP: 3/3
   124 | D:1      | Gained mutation: You have sharp fingernails. [demonic
                  | ancestry]
   124 | D:1      | Reached XP level 2. HP: 4/19 MP: 1/5
   626 | D:1      | Learned a level 2 spell: Poisonous Vapours
   796 | D:1      | Reached skill level 4 in Poison Magic
  1054 | D:1      | Gained mutation: You have very sharp fingernails. [demonic
                  | ancestry]
  1054 | D:1      | Reached XP level 3. HP: 24/24 MP: 6/6
  1059 | D:1      | Learned a level 3 spell: Ignite Poison
  1546 | D:2      | Found a radiant altar of Vehumet.
  1573 | D:2      | Reached skill level 1 in Shields
  1779 | D:2      | Found a transporter.
  1798 | D:2      | Gained mutation: You have claws for hands. [demonic
                  | ancestry]
  1798 | D:2      | Reached XP level 4. HP: 11/30 MP: 4/7
  1983 | D:2      | Found a transporter.
  2150 | D:2      | Found a hazy altar of Hepliaklqana.
  3276 | D:3      | Gained mutation: Your flesh is heat resistant. (rF+)
                  | [demonic ancestry]
  3276 | D:3      | Reached XP level 5. HP: 29/35 MP: 3/8
  3282 | D:3      | Reached skill level 5 in Poison Magic
  4398 | D:4      | Noticed a phantom
  4733 | D:4      | Killed a phantom
  4733 | D:4      | Gained mutation: You are partially covered in rugged brown
                  | scales. (AC +1, +3% HP) [demonic ancestry]
  4733 | D:4      | Reached XP level 6. HP: 23/42 MP: 9/9
  4871 | D:4      | Learned a level 3 spell: Mephitic Cloud
  5089 | D:4      | Found a stormy altar of Qazlal.
  5204 | D:4      | Reached skill level 6 in Poison Magic
  5287 | D:3      | Killed from afar by an orc wizard

Illustrated notes

Levels and vault maps discovered:
D:1:      psy_arrival_whirlpool, layout_basic, hangedman_decor_clover_reticule,
          minmay_small_reverse_x
D:2:      layout_loops_ring, gammafunk_temple_overflow_arena, vehumet_crystals
D:3:      layout_basic, first_ration, minmay_misc_feat_four_crosses
D:4:      layout_rooms, grunt_qazlal_clouds, chequers_temple_overflow_minitemple

Skill      XL: |  1  2  3  4  5  6 |
---------------+-------------------+-----
Poison Magic   | 4 5 6 |  6.0
Shields        | 1 2 3 4 |  4.0
Fighting       | |  0.1
Dodging        | |  1.8
Stealth        | |  1.7
Unarmed Combat | |  0.1
Spellcasting   | |  2.0
Transmutations | |  0.8

Action                   |  1- 3 |  4- 6 || total
-------------------------+-------+-------++-------
Melee: Spear             |   108 |    82 ||   190
       Unarmed           |       |   116 ||   116
 Cast: Sting             |    19 |    12 ||    31
       Poisonous Vapours |     6 |    12 ||    18
       Ignite Poison     |     2 |     4 ||     6
  Use: Scroll            |     4 |     5 ||     9
       Potion            |       |     3 ||     3
 Stab: Sleeping          |     3 |     7 ||    10
       Distracted        |     1 |     1 ||     2
  Eat: Ration            |     1 |     3 ||     4
Armor: Robe              |    34 |    80 ||   114
Dodge: Dodged            |    63 |   122 ||   185

Table legend:
 A = Non-vault XP
 B = Vault XP
 C = Vault XP percentage of total XP
 D = Non-vault monster count
 E = Vault monster count
 F = Vault count percentage of total count
                 A         B        C        D         E       F
            +---------+---------+-------+---------+---------+-------
      Total |     605 |       6 |   1.0 |      82 |       4 |   4.7
            +---------+---------+-------+---------+---------+-------
        D:1 |      41 |       6 |  12.8 |      24 |       4 |  14.3
        D:2 |     113 |       0 |   0.0 |      25 |       0 |   0.0
        D:3 |     115 |       0 |   0.0 |      16 |       0 |   0.0
        D:4 |     336 |       0 |   0.0 |      17 |       0 |   0.0
            +---------+---------+-------+---------+---------+-------
